[Event "4th Baskent University Open 2019"]
[Site "Ankara"]
[Date "2019.06.21"]
[Round "8"]
[White "Pacher, Milan"]
[Black "Aydincelebi, Kagan"]
[Result "1/2-1/2"]
[ECO "B31"]
[WhiteElo "2434"]
[BlackElo "2258"]
[Annotator "NA"]
[PlyCount "115"]
[EventDate "2019.06.18"]
[EventType "swiss"]
[EventCountry "TUR"]
[SourceTitle "playchess.com"]
[Source "ChessBase"]
[SourceQuality "1"]
[TimeControl "5400+30"]

1. e4 c5 2. Nf3 Nc6 3. Bb5 g6 4. Bxc6 dxc6 5. d3 Bg7 6. Nc3 Nf6 7. Be3 Nd7 8. Qd2 h6 9. O-O e5 10. h3 Qe7 11. a4 a5 12. Nh2 Nf8 13. f4 exf4 14. Rxf4 Ne6 15. Rf2 Nd4 16. Raf1 Be6 17. Ng4 O-O-O $14 18. e5 Bf5 19. Bxh6 Bxh6 20. Nxh6 Rh7 21. Nxf5 gxf5 22. Ne2 Qxe5 23. Nxd4 Qxd4 24. Qxa5 Rdh8 25. Re1 f6 26. c3 Qxd3 27. Qxc5 Rxh3 28. Qxf5+ Qxf5 29. Rxf5 Rh1+ 30. Kf2 Rxe1 31. Kxe1 Rg8 32. Kf2 Rg6 33. Kf3 Kd7 34. Rf4 Ke6 35. Rg4 Rh6 36. Rg7 b5 37. a5 Rh4 38. b3 Rh1 39. a6 Ra1 40. a7 Ke5 41. Kg4 Ke6 42. Kh5 c5 43. Kg6 c4 44. bxc4 bxc4 45. g4 Ra6 46. Rb7 Ke5 47. Rc7 f5+ 48. Kg5 fxg4 49. Kxg4 Ra4 50. Kg5 Kd6 51. Rh7 Kc6 52. Kf5 Kb6 53. Ke5 Rxa7 54. Rh8 Rd7 55. Rb8+ Kc5 56. Rc8+ Kb5 57. Rb8+ Kc5 58. Rc8+ 1/2-1/2

[Event "4th Baskent University Open 2019"]
[Site "Ankara"]
[Date "2019.06.21"]
[Round "8"]
[White "Nikcevic, Nebojsa"]
[Black "Gokcek, Kursat Bugra"]
[Result "1-0"]
[ECO "A13"]
[WhiteElo "2420"]
[BlackElo "2127"]
[Annotator "NA"]
[PlyCount "65"]
[EventDate "2019.06.18"]
[EventType "swiss"]
[EventCountry "TUR"]
[SourceTitle "playchess.com"]
[Source "ChessBase"]
[SourceQuality "1"]
[TimeControl "5400+30"]

1. Nf3 Nf6 2. c4 e6 3. g3 b6 4. Bg2 Ba6 5. b3 Bb7 6. Bb2 Be7 7. O-O O-O 8. Nc3 c5 9. d4 cxd4 10. Qxd4 Nc6 11. Qf4 a6 12. Rfd1 Qb8 13. Na4 $14 Qa7 14. e4 d6 15. Nc3 Rad8 16. Rd2 Nd7 17. Qe3 Nde5 18. Ne1 h5 19. Nc2 Ng4 20. Qe2 Qb8 21. h3 Nf6 22. f4 e5 23. Nd5 h4 24. g4 exf4 25. Nxf6+ gxf6 26. Rf1 Rde8 27. Qf2 d5 28. exd5 Bc5 29. Nd4 Ne5 30. Qxf4 b5 31. Qxf6 Ng6 32. Kh1 Re1 33. Nc6 1-0

[Event "4th Baskent University Open 2019"]
[Site "Ankara"]
[Date "2019.06.21"]
[Round "8"]
[White "Odeev, Handszar"]
[Black "Kizilkus, Akin"]
[Result "1-0"]
[ECO "C06"]
[WhiteElo "2386"]
[BlackElo "2131"]
[Annotator "NA"]
[PlyCount "51"]
[EventDate "2019.06.18"]
[EventType "swiss"]
[EventCountry "TUR"]
[SourceTitle "playchess.com"]
[Source "ChessBase"]
[SourceQuality "1"]
[TimeControl "5400+30"]

1. e4 e6 2. d4 d5 3. Nd2 Nf6 4. e5 Nfd7 5. Bd3 c5 6. c3 Nc6 7. Ngf3 Be7 8. O-O g5 9. dxc5 Ndxe5 10. Bb5 Bd7 $11 11. c4 Nxf3+ 12. Nxf3 dxc4 13. Be3 h6 14. Bxc4 Qc7 15. Rb1 Rd8 16. b4 Bf6 17. Nd2 Be5 18. Qh5 Ke7 19. f4 gxf4 20. Ne4 Rdf8 21. Qh4+ f6 22. Bxf4 Nd4 23. Nd6 Bxf4 24. Rxf4 e5 25. Rxd4 exd4 26. Qxd4 1-0

[Event "4th Baskent University Open 2019"]
[Site "Ankara"]
[Date "2019.06.21"]
[Round "8"]
[White "Saraci, Nderim"]
[Black "Mohannad, Farhan"]
[Result "1-0"]
[ECO "B08"]
[WhiteElo "2377"]
[BlackElo "2193"]
[Annotator "NA"]
[PlyCount "131"]
[EventDate "2019.06.18"]
[EventType "swiss"]
[EventCountry "TUR"]
[SourceTitle "playchess.com"]
[Source "ChessBase"]
[SourceQuality "1"]
[TimeControl "5400+30"]

1. e4 g6 2. d4 Bg7 3. Nc3 d6 4. Be3 a6 5. Nf3 Nf6 6. h3 O-O 7. e5 Ne8 8. Bc4 Nc6 9. Bf4 Na5 10. Be2 b5 11. a3 Bb7 12. O-O c5 $11 13. dxc5 dxc5 14. Qc1 Qb6 15. Qe3 Qc6 16. Bd3 f5 17. exf6 Nxf6 18. Rfe1 Nd5 19. Nxd5 Qxd5 20. Be5 Bf6 21. Be4 Qxe4 22. Qxe4 Bxe4 23. Rxe4 Bxe5 24. Nxe5 Rad8 25. Re2 Rd6 26. Rae1 c4 27. Nf3 Nc6 28. Re4 Rfd8 29. R1e2 Rd1+ 30. Kh2 Rb1 31. c3 Rd6 32. h4 h6 33. Ne5 Nd8 34. Nf3 Nc6 35. a4 Kg7 36. axb5 axb5 37. g4 Rbd1 38. Kg2 R1d5 39. Kg3 Rd3 40. Kg2 R3d5 41. Ne5 Nd8 42. Kg3 Rd1 43. Nf3 Nc6 44. g5 h5 45. Nd4 R1xd4 46. cxd4 Kf7 47. Rd2 Rd5 48. f4 e6 49. Kf2 Nb4 50. Re5 Nc6 51. Rxd5 exd5 52. f5 gxf5 53. Ke3 b4 54. Rd1 b3 55. Ra1 Nb4 56. Kd2 f4 57. Rf1 Nd3 58. Rf3 Nxb2 59. Rxf4+ Kg6 60. Rf6+ Kg7 61. Rf5 Na4 62. Rxd5 Kf7 63. Rc5 b2 64. Rb5 c3+ 65. Kc2 Ke6 66. Rb4 1-0

[Event "4th Baskent University Open 2019"]
[Site "Ankara"]
[Date "2019.06.21"]
[Round "8"]
[White "Koksal, Ege"]
[Black "Iskandarov, Misratdin"]
[Result "1/2-1/2"]
[ECO "A32"]
[WhiteElo "2363"]
[BlackElo "2502"]
[Annotator "ChessBase"]
[PlyCount "81"]
[EventDate "2019.06.18"]
[EventType "swiss"]
[EventCountry "TUR"]
[SourceTitle "playchess.com"]
[Source "ChessBase"]
[SourceQuality "1"]
[TimeControl "5400+30"]

1. d4 Nf6 2. c4 e6 3. Nf3 c5 4. Nc3 cxd4 5. Nxd4 a6 6. g3 Qc7 7. Qa4 b5 8. cxb5 Bb7 9. Nf3 axb5 10. Qxb5 Ne4 11. Qb3 Nxc3 12. Qxc3 Qb6 13. Be3 Qb5 14. Bd2 Na6 15. Bg2 Rc8 16. Qa5 Qxb2 17. O-O Qa3 18. Qb6 Bc6 19. Be3 Be7 20. Ne5 Bxg2 21. Kxg2 Nb4 22. Qb5 Qa8+ 23. Kg1 Qd5 24. Qxd5 Nxd5 25. Rfc1 Ra8 26. Bd4 f6 27. Nd3 Ba3 28. Rc4 Kf7 29. e4 Ne7 30. Rc7 d6 31. Rb1 Ra4 32. Rbb7 Re8 33. Bb2 Bxb2 34. Nxb2 Rxe4 35. Nc4 Rd4 36. a4 e5 37. a5 Ke6 38. a6 Nd5 39. Rc6 Ne7 40. Rcc7 Nd5 41. Rc6 1/2-1/2

[Event "4th Baskent University Open 2019"]
[Site "Ankara"]
[Date "2019.06.21"]
[Round "8"]
[White "Gunduz, Umut Erdem"]
[Black "Yilmaz, Goktan"]
[Result "0-1"]
[ECO "B94"]
[WhiteElo "2302"]
[BlackElo "2155"]
[Annotator "NA"]
[PlyCount "92"]
[EventDate "2019.06.18"]
[EventType "swiss"]
[EventCountry "TUR"]
[SourceTitle "playchess.com"]
[Source "ChessBase"]
[SourceQuality "1"]
[TimeControl "5400+30"]

1. e4 c5 2. Nf3 d6 3. d4 cxd4 4. Nxd4 Nf6 5. Nc3 a6 6. Bg5 Nbd7 7. Qe2 Qa5 8. f4 h6 9. Bh4 e5 10. fxe5 dxe5 11. Nb3 Qc7 12. O-O-O Be7 13. Qc4 Qb8 $11 14. Bxf6 Nxf6 15. Nd5 Nxd5 16. exd5 Qd6 17. g4 h5 18. gxh5 Rxh5 19. Bg2 Bf5 20. Qe2 Rh4 21. Nd2 Qg6 22. Rde1 Rc8 23. Ne4 Kf8 24. Kb1 b5 25. d6 Bxd6 26. Ka1 Be7 27. Ng3 Be6 28. Be4 Qg4 29. Qd3 Rd8 30. Qe3 Qf4 31. Qb6 Qd2 32. Rhf1 Rf4 33. Bd3 Kg8 34. Ne4 Qb4 35. Rg1 Qa4 36. Nc3 Qd4 37. Qb7 Bb4 38. Ne2 Qf2 39. Rd1 Rxd3 40. Nxf4 Rxd1+ 41. Rxd1 Qxf4 42. a3 Qc4 43. Rd8+ Bf8 44. b3 Qxc2 45. Qe7 Qc3+ 46. Kb1 Bf5+ 0-1

[Event "4th Baskent University Open 2019"]
[Site "Ankara"]
[Date "2019.06.21"]
[Round "8"]
[White "Guseynov, Alihan"]
[Black "Guven, Oguz Kagan"]
[Result "1/2-1/2"]
[ECO "D37"]
[WhiteElo "2274"]
[BlackElo "2095"]
[Annotator "NA"]
[PlyCount "61"]
[EventDate "2019.06.18"]
[EventType "swiss"]
[EventCountry "TUR"]
[SourceTitle "playchess.com"]
[Source "ChessBase"]
[SourceQuality "1"]
[TimeControl "5400+30"]

1. c4 e6 2. Nc3 d5 3. d4 a6 4. cxd5 exd5 5. Nf3 Nf6 6. Bg5 Be6 7. e3 Nbd7 8. Bd3 Bd6 9. O-O h6 10. Bh4 O-O 11. Qc2 c6 12. Rab1 Re8 13. Na4 Qc7 14. Bg3 Ne4 15. Bxe4 dxe4 $15 16. Nd2 Bxa2 17. Rbc1 Bxg3 18. hxg3 Bd5 19. Nc3 Qd6 20. Ndxe4 Bxe4 21. Nxe4 Qg6 22. Nc5 Qxc2 23. Rxc2 Nxc5 24. Rxc5 Rad8 25. Kh2 f6 26. g4 Kf7 27. Kg3 Ke6 28. Rfc1 Rd5 29. Kf4 Rxc5 30. Rxc5 Kd6 31. b4 1/2-1/2

[Event "4th Baskent University Open 2019"]
[Site "Ankara"]
[Date "2019.06.21"]
[Round "8"]
[White "Gulden, Egemen"]
[Black "Mammadov, Zaur"]
[Result "0-1"]
[ECO "A08"]
[WhiteElo "2120"]
[BlackElo "2428"]
[Annotator "NA"]
[PlyCount "74"]
[EventDate "2019.06.18"]
[EventType "swiss"]
[EventCountry "TUR"]
[SourceTitle "playchess.com"]
[Source "ChessBase"]
[SourceQuality "1"]
[TimeControl "5400+30"]

1. g3 d5 2. Bg2 Nf6 3. d3 g6 4. Nd2 Bg7 5. Ngf3 c5 6. O-O O-O 7. e4 e6 8. Re1 Nc6 9. exd5 exd5 10. d4 cxd4 11. Nb3 Ne4 12. Nfxd4 Qf6 13. Be3 Ne5 14. f3 Nd6 15. Bf2 Ndc4 $14 16. Rb1 a6 17. h3 g5 18. a4 Qh6 19. Nc5 Bxh3 20. b3 Nd6 21. Qd2 Rac8 22. b4 Bxg2 23. Kxg2 Qg6 24. Re2 b6 25. Nxa6 g4 26. Rb3 Qh5 27. fxg4 Nxg4 28. Bg1 Ne4 29. Qf4 Ng5 30. Kf1 Rc4 31. Rd3 Ne6 32. Qf5 Qh3+ 33. Ke1 Nxd4 34. Bxd4 Qh1+ 35. Kd2 Bh6+ 36. Be3 Nxe3 37. Rdxe3 Re8 0-1

[Event "4th Baskent University Open 2019"]
[Site "Ankara"]
[Date "2019.06.21"]
[Round "8"]
[White "Korkmaz, Necmettin"]
[Black "Guliev, Logman"]
[Result "0-1"]
[ECO "B67"]
[WhiteElo "2098"]
[BlackElo "2320"]
[Annotator "NA"]
[PlyCount "104"]
[EventDate "2019.06.18"]
[EventType "swiss"]
[EventCountry "TUR"]
[SourceTitle "playchess.com"]
[Source "ChessBase"]
[SourceQuality "1"]
[TimeControl "5400+30"]

1. e4 c5 2. Nf3 d6 3. d4 cxd4 4. Nxd4 Nf6 5. Nc3 Nc6 6. Bg5 e6 7. Qd2 a6 8. O-O-O Bd7 9. f3 Be7 10. h4 Nxd4 11. Qxd4 Bc6 12. h5 Qa5 13. Bd2 $11 h6 14. Kb1 Qc5 15. Be3 Qxd4 16. Bxd4 e5 17. Bf2 b5 18. Bh4 Rd8 19. Bxf6 Bxf6 20. a4 bxa4 21. Bxa6 Ke7 22. Bb5 Bxb5 23. Nxb5 Rd7 24. Rd3 Ke6 25. Rhd1 Be7 26. Rc3 Rb8 27. Nc7+ Kf6 28. g4 Kg5 29. Ka2 Bd8 30. Nd5 Rdb7 31. Rb1 Bb6 32. Rc4 Ra7 33. Rb4 Ra6 34. Rd1 Ba7 35. Rc4 Bd4 36. Rdxd4 exd4 37. Rxd4 g6 38. hxg6 fxg6 39. Rd3 h5 40. gxh5 gxh5 41. Rd1 Rf8 42. Rg1+ Kh6 43. f4 Ra7 44. e5 dxe5 45. fxe5 Rg7 46. Re1 Rg5 47. c4 Rff5 48. e6 Re5 49. Re3 Rxe3 50. Nxe3 Re5 51. Nd5 Rxe6 52. Ka3 h4 0-1

[Event "4th Baskent University Open 2019"]
[Site "Ankara"]
[Date "2019.06.21"]
[Round "8"]
[White "Rzayev, Askar Aliakbar"]
[Black "Can, Isik"]
[Result "0-1"]
[ECO "D10"]
[WhiteElo "2089"]
[BlackElo "2379"]
[Annotator "NA"]
[PlyCount "68"]
[EventDate "2019.06.18"]
[EventType "swiss"]
[EventCountry "TUR"]
[SourceTitle "playchess.com"]
[Source "ChessBase"]
[SourceQuality "1"]
[TimeControl "5400+30"]

1. d4 d5 2. c4 c6 3. cxd5 cxd5 4. Nc3 Nf6 5. Bf4 Nc6 6. e3 Bf5 7. Qb3 Na5 8. Qa4+ Bd7 9. Qd1 e6 10. Bd3 Rc8 11. Nf3 Nc4 12. Qe2 Bb4 13. Bxc4 dxc4 14. O-O O-O 15. Bg5 Be7 16. e4 h6 $11 17. Bh4 b5 18. e5 Nd5 19. Bxe7 Nxc3 20. bxc3 Qxe7 21. a3 Bc6 22. Nd2 a5 23. Rfb1 Rb8 24. a4 bxa4 25. Qxc4 Bxg2 26. Kxg2 Qg5+ 27. Kf1 Qxd2 28. Rxb8 Rxb8 29. Qc6 a3 30. Kg2 a2 31. Qa4 Rb2 32. Qe8+ Kh7 33. Qxf7 Rb1 34. Qxe6 Qg5+ 0-1

[Event "4th Baskent University Open 2019"]
[Site "Ankara"]
[Date "2019.06.21"]
[Round "8"]
[White "Erdogan, Anil Berk"]
[Black "Olcum, Ahmet"]
[Result "1-0"]
[ECO "B09"]
[WhiteElo "2087"]
[BlackElo "2315"]
[Annotator "NA"]
[PlyCount "121"]
[EventDate "2019.06.18"]
[EventType "swiss"]
[EventCountry "TUR"]
[SourceTitle "playchess.com"]
[Source "ChessBase"]
[SourceQuality "1"]
[TimeControl "5400+30"]

1. e4 d6 2. d4 Nf6 3. Nc3 g6 4. f4 Bg7 5. Nf3 O-O 6. e5 dxe5 7. fxe5 Nd5 8. Bc4 Be6 9. Nxd5 Bxd5 10. Bxd5 Qxd5 11. Qe2 c5 12. c4 Qd7 13. d5 e6 14. d6 Nc6 15. O-O f6 $11 16. Bf4 fxe5 17. Nxe5 Nd4 18. Qe4 Qxd6 19. Nxg6 e5 20. Nxf8 exf4 21. Nxh7 Qh6 22. Rae1 Qxh7 23. Qd5+ Kh8 24. Rxf4 Rf8 25. Rxf8+ Bxf8 26. Qe5+ Kg8 27. Qg5+ Qg7 28. Qd5+ Qf7 29. Re8 Qxd5 30. cxd5 Nf5 31. Rc8 b6 32. b3 Kf7 33. Rc7+ Kf6 34. Rxa7 Ne3 35. Rb7 Nxd5 36. Kf2 Ke5 37. Kf3 Be7 38. g3 Kd6 39. a4 Kc6 40. Rb8 Nc7 41. h4 Ne6 42. Ke4 Nd4 43. b4 Ne2 44. bxc5 Nxg3+ 45. Kf3 bxc5 46. a5 Kc7 47. Rb2 Nf5 48. a6 Nd4+ 49. Ke4 Nc6 50. Rb7+ Kc8 51. h5 Bg5 52. Rg7 Be7 53. a7 Kb7 54. Kd5 c4 55. a8=Q+ Kxa8 56. Kxc6 Bf6 57. Rg4 c3 58. Rc4 Kb8 59. Kd5 Kb7 60. Ke4 Kb6 61. Kd3 1-0

[Event "4th Baskent University Open 2019"]
[Site "Ankara"]
[Date "2019.06.21"]
[Round "8"]
[White "Makaraci, Tunahan"]
[Black "Darban, Morteza"]
[Result "1/2-1/2"]
[ECO "B60"]
[WhiteElo "1963"]
[BlackElo "2264"]
[Annotator "NA"]
[PlyCount "78"]
[EventDate "2019.06.18"]
[EventType "swiss"]
[EventCountry "TUR"]
[SourceTitle "playchess.com"]
[Source "ChessBase"]
[SourceQuality "1"]
[TimeControl "5400+30"]

1. e4 c5 2. Nf3 Nc6 3. d4 cxd4 4. Nxd4 Nf6 5. Nc3 d6 6. Bg5 g6 7. Bxf6 exf6 8. Be2 Bg7 9. Ndb5 O-O 10. Qxd6 f5 11. Qa3 $15 fxe4 12. O-O e3 13. fxe3 Qd2 14. Rf3 Qxc2 15. Rd1 a6 16. Nd4 Nxd4 17. exd4 Bf5 18. Bc4 Rac8 19. Bb3 Rxc3 20. bxc3 Qe4 21. Rdf1 h5 22. Qc5 Re8 23. Bd5 Qe7 24. Qc4 b5 25. Qb3 Qd7 26. h3 h4 27. Kh1 Rd8 28. c4 bxc4 29. Bxc4 a5 30. d5 Be5 31. Qe3 Bc7 32. Qh6 Qd6 33. Rf4 Re8 34. Qxh4 Re4 35. g3 Rxc4 36. Rxc4 Qxd5+ 37. Kh2 Qd2+ 38. Kh1 Qd5+ 39. Kh2 Qd2+ 1/2-1/2

[Event "4th Baskent University Open 2019"]
[Site "Ankara"]
[Date "2019.06.21"]
[Round "8"]
[White "Kanli, Alperen"]
[Black "Keseroglu, Yigit Can"]
[Result "1-0"]
[ECO "B07"]
[WhiteElo "1790"]
[BlackElo "1559"]
[Annotator "NA"]
[PlyCount "73"]
[EventDate "2019.06.18"]
[EventType "swiss"]
[EventCountry "TUR"]
[SourceTitle "playchess.com"]
[Source "ChessBase"]
[SourceQuality "1"]
[TimeControl "5400+30"]

1. e4 g6 2. d4 d6 3. Nc3 Bg7 4. Bg5 Nf6 5. e5 Ng8 6. Nf3 Nc6 7. Bb5 a6 8. Ba4 Bd7 9. exd6 cxd6 10. O-O Nf6 11. Re1 O-O 12. Bxf6 exf6 13. Ne4 Bf5 14. Ng3 Bg4 15. h3 Bd7 16. c3 Ne7 17. Bxd7 Qxd7 18. Qb3 d5 19. Ne2 Bh6 20. Nc1 Bf4 21. Nd3 Bd6 22. Kh1 h5 23. Re2 g5 24. Nd2 b5 25. Rae1 Qf5 26. Qc2 Ng6 27. Nf1 g4 28. Ne3 Qg5 29. Qb3 Nf4 30. Nxf4 Qxf4 31. g3 Qf3+ 32. Kg1 Rae8 33. hxg4 hxg4 34. Qd1 f5 35. Ng2 Rxe2 36. Rxe2 Be7 37. Ne1 1-0

[Event "4th Baskent University Open 2019"]
[Site "Ankara"]
[Date "2019.06.21"]
[Round "8"]
[White "Shapovalovi, Vasiko"]
[Black "Sungu, Yagiz Kaan"]
[Result "1/2-1/2"]
[ECO "A25"]
[WhiteElo "1759"]
[BlackElo "1465"]
[Annotator "NA"]
[PlyCount "51"]
[EventDate "2019.06.18"]
[EventType "swiss"]
[EventCountry "TUR"]
[SourceTitle "playchess.com"]
[Source "ChessBase"]
[SourceQuality "1"]
[TimeControl "5400+30"]

1. c4 Nf6 2. Nc3 g6 3. g3 Bg7 4. Bg2 O-O 5. d3 d6 6. e3 e5 7. Nge2 Nc6 8. O-O Re8 9. a3 a5 10. Rb1 Be6 11. Nd5 Bxd5 12. cxd5 Ne7 13. e4 c6 14. dxc6 Nxc6 15. h3 d5 16. Nc3 dxe4 17. dxe4 Qxd1 18. Rxd1 Rad8 19. Be3 Bf8 20. Bb6 Rc8 21. h4 Nd4 22. Bxa5 Bxa3 23. bxa3 Rxc3 24. Bxc3 Ne2+ 25. Kf1 Nxc3 26. Rdc1 1/2-1/2

[Event "4th Baskent University Open 2019"]
[Site "Ankara"]
[Date "2019.06.21"]
[Round "8"]
[White "Celik, Meric"]
[Black "Yildirim, Ibrahim Halil"]
[Result "0-1"]
[ECO "B13"]
[WhiteElo "1650"]
[BlackElo "1787"]
[Annotator "NA"]
[PlyCount "78"]
[EventDate "2019.06.18"]
[EventType "swiss"]
[EventCountry "TUR"]
[SourceTitle "playchess.com"]
[Source "ChessBase"]
[SourceQuality "1"]
[TimeControl "5400+30"]

1. e4 c6 2. d4 d5 3. exd5 cxd5 4. Bd3 Nf6 5. c3 Nc6 6. Bf4 Bg4 7. Qb3 Qc8 8. Nd2 e6 9. Ngf3 Be7 10. Qc2 O-O 11. O-O Bh5 12. Ne5 b5 13. Ndf3 b4 14. Qa4 Nxe5 15. dxe5 Nd7 16. cxb4 Nb6 17. Qb3 Bg6 18. Rac1 Qb7 19. Bb5 Rfc8 20. Nd4 Nc4 21. a3 Qb6 22. Rfd1 a5 23. bxa5 Nxa5 24. Rxc8+ Rxc8 25. Qa4 Nc4 26. Qa6 Qxa6 27. Bxa6 Nxb2 28. Bxc8 Nxd1 29. a4 Bc5 30. Be3 Nc3 31. a5 Bxd4 32. a6 Bxe3 33. fxe3 Nb5 34. Kf2 Kf8 35. Ke2 Ke7 36. Kd2 Kd8 37. Bb7 Kc7 38. g3 Kb6 39. h3 Nc7 0-1

[Event "4th Baskent University Open 2019"]
[Site "Ankara"]
[Date "2019.06.21"]
[Round "8"]
[White "Alpman, Gokay Evren"]
[Black "Uysal, Ugur"]
[Result "1/2-1/2"]
[ECO "E90"]
[WhiteElo "1647"]
[BlackElo "1644"]
[Annotator "NA"]
[PlyCount "95"]
[EventDate "2019.06.18"]
[EventType "swiss"]
[EventCountry "TUR"]
[SourceTitle "playchess.com"]
[Source "ChessBase"]
[SourceQuality "1"]
[TimeControl "5400+30"]

1. d4 Nf6 2. Nf3 g6 3. Bg5 Bg7 4. c4 O-O 5. Nc3 h6 6. Bf4 d6 7. e4 Bg4 8. Be2 Nfd7 9. Qd2 Kh7 10. d5 a5 11. h3 Bxf3 12. Bxf3 Na6 13. O-O Nac5 14. Rae1 e6 15. Be3 Qh4 16. Bxc5 Nxc5 17. Nb5 Qe7 18. b3 e5 19. Bd1 Rfd8 20. Bc2 c6 21. Nc3 h5 22. a3 Bh6 23. Qe2 Qg5 24. Rd1 Na6 25. Na4 c5 26. Nb6 Ra7 27. Rd3 Rf8 28. Rf3 Qd8 29. Na4 Nc7 30. Nc3 Ra8 31. Rb1 b6 32. Qe1 Rb8 33. b4 axb4 34. axb4 Na6 35. Na2 Qg5 36. Ra3 Nxb4 37. Nxb4 cxb4 38. Qxb4 Qd2 39. Qxd2 Bxd2 40. Ra7 Ba5 41. Ba4 Kg7 42. Kf1 Ra8 43. Rxa8 Rxa8 44. Bc6 Ra7 45. Ra1 Rc7 46. Bb5 Bb4 47. Ra6 Bc5 48. f3 1/2-1/2

[Event "4th Baskent University Open 2019"]
[Site "Ankara"]
[Date "2019.06.21"]
[Round "8"]
[White "Sarginalp, Tuna"]
[Black "Duru, Ipek"]
[Result "1-0"]
[ECO "C87"]
[WhiteElo "1630"]
[BlackElo "1551"]
[Annotator "NA"]
[PlyCount "93"]
[EventDate "2019.06.18"]
[EventType "swiss"]
[EventCountry "TUR"]
[SourceTitle "playchess.com"]
[Source "ChessBase"]
[SourceQuality "1"]
[TimeControl "5400+30"]

1. e4 e5 2. Nf3 Nc6 3. Bb5 a6 4. Ba4 Nf6 5. O-O d6 6. Re1 Be7 7. c3 b5 8. Bc2 O-O 9. h3 Nb8 10. d4 Nbd7 11. Nbd2 Re8 12. Nf1 Bf8 13. Ng3 g6 14. Bg5 h6 15. Be3 Bb7 16. Qd2 Kh7 17. d5 c5 18. Nh2 Rc8 19. Ng4 Ng8 20. Rf1 Rc7 21. f4 Ndf6 22. Nxf6+ Nxf6 23. fxe5 dxe5 24. Rf3 Qd6 25. Raf1 Bg7 26. Qf2 Ng8 27. Rxf7 Rxf7 28. Qxf7 Re7 29. Qf2 Rc7 30. Ne2 Bc8 31. Nc1 Nf6 32. Nb3 Nd7 33. Na5 Nf6 34. Nc6 Bb7 35. Bxc5 Qd7 36. Nxe5 Qe8 37. Bd4 Nxe4 38. Bxe4 Bxe5 39. Bxg6+ Qxg6 40. Bxe5 Re7 41. Qd4 Qg5 42. Bf6 Qe3+ 43. Qxe3 Rxe3 44. Bd4 Re7 45. d6 Rd7 46. Rf6 Bd5 47. b3 1-0

[Event "4th Baskent University Open 2019"]
[Site "Ankara"]
[Date "2019.06.21"]
[Round "8"]
[White "Elma, Muge"]
[Black "Sahin, Arda"]
[Result "1/2-1/2"]
[ECO "D37"]
[WhiteElo "1618"]
[BlackElo "1710"]
[Annotator "NA"]
[PlyCount "41"]
[EventDate "2019.06.18"]
[EventType "swiss"]
[EventCountry "TUR"]
[SourceTitle "playchess.com"]
[Source "ChessBase"]
[SourceQuality "1"]
[TimeControl "5400+30"]

1. d4 d5 2. c4 e6 3. Nf3 a6 4. cxd5 exd5 5. Nc3 Nf6 6. Qc2 Bd6 7. Bg5 Be6 8. e3 Nbd7 9. Bd3 c6 10. O-O h6 11. Bh4 Qc7 12. Bg3 O-O 13. Bxd6 Qxd6 14. h3 Rfc8 15. Rfd1 c5 16. dxc5 Nxc5 17. Qe2 Qb6 18. Nd4 Rc7 19. Rac1 Rac8 20. Rc2 Nce4 21. Rdc1 1/2-1/2

[Event "4th Baskent University Open 2019"]
[Site "Ankara"]
[Date "2019.06.21"]
[Round "8"]
[White "Ilkbahar, Nimet Seray"]
[Black "Cevizci, Yusuf Baran"]
[Result "0-1"]
[ECO "A01"]
[WhiteElo "1481"]
[BlackElo "1670"]
[Annotator "NA"]
[PlyCount "70"]
[EventDate "2019.06.18"]
[EventType "swiss"]
[EventCountry "TUR"]
[SourceTitle "playchess.com"]
[Source "ChessBase"]
[SourceQuality "1"]
[TimeControl "5400+30"]

1. b3 d5 2. Bb2 c5 3. f4 Bg4 4. Nf3 Bxf3 5. exf3 Nc6 6. Bb5 Nf6 7. Qe2 Qd7 8. g3 a6 9. Bxc6 Qxc6 10. Nc3 g6 11. O-O Bg7 12. Nd1 O-O 13. Ne3 e6 14. Ng4 Nxg4 15. Bxg7 Nxh2 16. Bf6 Nxf1 17. Qxf1 Qd6 18. Qh3 h5 19. Re1 Rfc8 20. Qh4 Kf8 21. Qg5 Ke8 22. f5 gxf5 23. Qg8+ Qf8 24. Rxe6+ Kd7 25. Qxf8 Rxf8 26. Re7+ Kc6 27. Re5 Rfe8 28. Rxf5 Re1+ 29. Kf2 Rae8 30. g4 R8e2+ 31. Kg3 Rg1+ 32. Kh4 hxg4 33. fxg4 Rxd2 34. Bc3 Rxc2 35. Rf6+ Kd7 0-1

[Event "4th Baskent University Open 2019"]
[Site "Ankara"]
[Date "2019.06.21"]
[Round "8"]
[White "Gulbas, Isa"]
[Black "Yanikoglu, Omer"]
[Result "0-1"]
[ECO "D02"]
[WhiteElo "1451"]
[BlackElo "1665"]
[Annotator "NA"]
[PlyCount "128"]
[EventDate "2019.06.18"]
[EventType "swiss"]
[EventCountry "TUR"]
[SourceTitle "playchess.com"]
[Source "ChessBase"]
[SourceQuality "1"]
[TimeControl "5400+30"]

1. d4 d5 2. Nf3 Nf6 3. Bf4 e6 4. e3 Be7 5. h3 Nbd7 6. Bd3 O-O 7. O-O c5 8. c3 b6 9. Nbd2 Bb7 10. Ne5 Ne4 11. f3 Nxd2 12. Qxd2 cxd4 13. exd4 Nxe5 14. Bxe5 Bd6 15. f4 f6 16. Bxd6 Qxd6 17. Rae1 Rae8 18. Qc2 f5 19. Re5 Rf6 20. Rfe1 Ref8 21. R1e3 Bc8 22. Qe2 g6 23. Ba6 Bd7 24. Bb5 Bc8 25. Bd3 Bd7 26. Qf2 b5 27. Qe2 Qc6 28. a3 a5 29. Bc2 Rb8 30. Bb3 Qb6 31. Qd2 Rff8 32. Kh2 Rfc8 33. Qd3 Rc7 34. Re2 b4 35. axb4 Bb5 36. Qe3 Bxe2 37. Rxe6 Qb5 38. Qxe2 Qxe2 39. Rxe2 axb4 40. Bxd5+ Kg7 41. c4 Rd8 42. Kg3 Kf8 43. Re3 Re7 44. Rb3 Rb8 45. Kf3 Re1 46. Re3 Rd1 47. Ke2 Rxd4 48. g3 Re8 49. b3 Rxe3+ 50. Kxe3 Rd1 51. g4 fxg4 52. hxg4 Rg1 53. g5 Rd1 54. Ke4 Ke7 55. Ke5 Rc1 56. Bg8 Kf8 57. Bd5 Rc3 58. Kd4 Rxb3 59. c5 Rc3 60. Bc4 Ke7 61. Bg8 Rh3 62. Bc4 b3 63. Bd3 b2 64. Bb1 Rh1 0-1

[Event "4th Baskent University Open 2019"]
[Site "Ankara"]
[Date "2019.06.22"]
[Round "9"]
[White "Bernadskiy, Vitaliy"]
[Black "Koksal, Ege"]
[Result "1-0"]
[ECO "C42"]
[WhiteElo "2578"]
[BlackElo "2363"]
[Annotator "ChessBase"]
[PlyCount "129"]
[EventDate "2019.06.18"]
[EventType "swiss"]
[EventCountry "TUR"]
[SourceTitle "playchess.com"]
[Source "ChessBase"]
[SourceQuality "1"]
[TimeControl "5400+30"]

1. e4 e5 2. Nf3 Nf6 3. Nxe5 d6 4. Nf3 Nxe4 5. Qe2 Qe7 6. d3 Nf6 7. Bg5 Qxe2+ 8. Bxe2 Be7 9. Nc3 O-O 10. O-O-O h6 11. Bh4 c6 12. Rde1 Re8 13. Bd1 Kf8 14. h3 Na6 15. g4 Nc7 16. Bg3 Ne6 17. Ne4 Rd8 18. c3 Nc5 19. Bc2 a5 20. Nxf6 Bxf6 21. d4 Na6 22. Nd2 Be6 23. Bb3 Nc7 24. Bxe6 Nxe6 25. f4 Nc7 26. h4 Re8 27. Ne4 Red8 28. f5 Be7 29. g5 Kg8 30. gxh6 gxh6 31. Bf4 Kh7 32. Ng5+ hxg5 33. hxg5+ Kg7 34. Rxe7 Nd5 35. Re4 Nxf4 36. Rxf4 Rh8 37. Rfh4 Rxh4 38. Rxh4 a4 39. d5 c5 40. Rh6 Re8 41. Rxd6 Re5 42. g6 Rxf5 43. gxf7 Rf1+ 44. Kd2 Kxf7 45. Rb6 a3 46. Kd3 Rf4 47. bxa3 Ke7 48. c4 Rf3+ 49. Kc2 Rxa3 50. Rxb7+ Kd6 51. Kb2 Rh3 52. Rb3 Rh4 53. Rc3 Ke5 54. a4 Kd4 55. a5 Rh8 56. Rc1 Ra8 57. d6 Ke5 58. Rd1 Ke6 59. d7 Ke7 60. d8=Q+ Rxd8 61. Rxd8 Kxd8 62. Kc2 Kc7 63. Kd3 Kd6 64. Ke4 Ke6 65. a6 1-0